 Dungeon Crawl Stone Soup version 0.23.2-40-g277498a001 (webtiles) character file.

Game seed: 1129633964866117755

10807 Glalom the Cleaver (level 11, -5/80 HPs)
             Began as a Formicid Fighter on Oct 6, 2019.
             Was a High Priest of Okawaru.
             Slain by Harold
             ... wielding a +0 long sword
              (12 damage)
             ... on level 2 of the Lair of Beasts.
             The game lasted 00:29:33 (10706 turns).

Glalom the Cleaver (Formicid Fighter)              Turns: 10706, Time: 00:29:34

Health: -5/80      AC: 17    Str: 25    XL:     11   Next: 99%
Magic:  14/14      EV:  4    Int:  8    God:    Okawaru [*****.]
Gold:   591        SH:  0    Dex: 12    Spells: 10/10 levels left

rFire    + . .     SeeInvis +   B - +3 hand axe (elec)
rCold    . . .     Gourm    +   C - +0 shield
rNeg     . . .     Faith    .   y - +0 plate armour
rPois    .         Spirit   .   (helmet unavailable)
rElec    .         Reflect  .   (no cloak)
rCorr    .         Harm     .   K - +2 pair of gloves
MR       +....                  w - +1 pair of boots
Stlth    ..........             r - amulet of the gourmand
HPRegen  0.23/turn              N - +3 ring of strength
MPRegen  0.14/turn              i - ring of protection from fire

@: marked, very slightly contaminated, held, invisible
A: permanent stasis, dig shafts and tunnels, four strong arms, antennae 3
a: Dig, Shaft Self, Heroism, Finesse, Renounce Religion


You were on level 2 of the Lair of Beasts.
You worshipped Okawaru.
Okawaru was extremely pleased with you.
You were very full.

You visited 3 branches of the dungeon, and saw 12 of its levels.
You also visited: Sewer.

You collected 591 gold pieces.

Inventory:

Hand Weapons
 B - a +3 hand axe of electrocution (weapon)
   (You took it off an orc on level 4 of the Dungeon)
 P - a +4 dagger of distortion {!w}
   (You took it off Psyche on level 8 of the Dungeon)
 Q - the cursed +0 long sword of Impeachment {drain, Dex+5, unknown}
   (You found it on level 1 of the Lair of Beasts)

   A truly terrible weapon, it drains the life of those it strikes.
   It affects your dexterity (+5).
   It has a curse placed upon it.
Missiles
 a - a throwing net (quivered) {!f}
 S - 8 javelins of penetration
Armour
 b - a +0 scale mail
 j - a +0 scale mail of poison resistance
   (You took it off Edmund on level 5 of the Dungeon)
 w - a +1 pair of boots (worn)
   (You found it on level 4 of the Dungeon)
 y - a +0 plate armour (worn)
   (You found it on level 3 of the Dungeon)
 C - a +0 shield (worn)
 K - a +2 pair of gloves (worn)
   (You found it on level 6 of the Dungeon)
Jewellery
 i - a ring of protection from fire (right hand)
   (You found it on level 4 of the Dungeon)
 o - an uncursed ring of protection from cold
   (You found it on level 5 of the Dungeon)
 r - an amulet of the gourmand (around neck)
   (You found it on level 1 of the Dungeon)
 N - a +3 ring of strength (left hand)
   (You found it on level 7 of the Dungeon)
 O - a +4 ring of intelligence
   (You found it on level 7 of the Dungeon)
 R - an uncursed ring of magical power
   (You found it on level 2 of the Lair of Beasts)
Wands
 c - a wand of disintegration (14)
   (You found it on level 4 of the Dungeon)
 d - a wand of iceblast (6)
   (You found it on level 4 of the Dungeon)
 u - a wand of paralysis (3)
   (You found it on level 6 of the Dungeon)
 x - a wand of acid (4)
   (You found it on level 5 of the Dungeon)
 F - a wand of polymorph (6)
   (You found it on level 4 of the Dungeon)
Scrolls
 f - 6 scrolls of identify {@r1}
 h - 8 scrolls of remove curse {@r2}
 k - 2 scrolls of fear {unknown}
 m - 3 scrolls of enchant armour
 p - a scroll of immolation {unknown}
 s - 2 scrolls of magic mapping
 v - 4 scrolls of blinking {unknown}
 I - a scroll of random uselessness {unknown}
Potions
 g - 2 potions of cancellation {unknown}
 l - 7 potions of curing {@q1}
 n - 6 potions of invisibility
 q - a potion of degeneration {unknown}
 t - 3 potions of haste {unknown}
 z - 2 potions of magic {unknown}
 A - 4 potions of flight {unknown}
 D - 2 potions of might
 E - 2 potions of lignification {unknown}
 G - a potion of resistance {unknown}
 H - 2 potions of heal wounds {@q2}
 J - 4 potions of brilliance {unknown}
 L - 2 potions of mutation {unknown}
 M - 2 potions of berserk rage {unknown}
 T - a potion of agility {unknown}
Comestibles
 e - 25 rations {!d}


   Skills:
 + Level 5.5 Fighting
 - Level 14.9 Axes
 + Level 1.4 Throwing
 - Level 5.1 Armour
 + Level 4.3 Dodging
 - Level 5.0 Shields
 - Level 5.3 Invocations


You had 10 spell levels left.
You didn't know any spells.
Your spell library contained the following spells:

 Spells                   Type           Power        Failure   Level  Hunger
 Confusing Touch          Hex            #.....       100%        1    ##.....
 Magic Dart               Conj           #...         100%        1    ##.....
 Searing Ray              Conj           #.....       100%        2    ###....
 Confuse                  Hex            #.......     100%        3    ####...
 Dazzling Spray           Conj/Hex       #.....       100%        3    ####...
 Gell's Gravitas          Tloc           #.........   100%        3    ####...
 Force Lance              Conj/Tloc      #.......     100%        4    #####..
 Fulminant Prism          Conj/Hex       #.........   100%        4    #####..
 Iskenderun's Mystic Bla  Conj           #.......     100%        4    #####..
 Petrify                  Tmut/Erth      #.......     100%        4    #####..
 Metabolic Englaciation   Hex/Ice        #.........   100%        5    ######.
 Yara's Violent Unravell  Hex/Tmut       #.........   100%        5    ######.


Dungeon Overview and Level Annotations

Branches:
Dungeon (9/15)             Temple (1/1) D:6            Lair (2/6) D:8
 Spider (0/4) Lair:2
  Swamp: Lair:2-4    Shoals: Lair:2-4       Orc: D:9-12

Altars:
Ashenzari
Cheibriados
Dithmenos
Elyvilon
Fedhas
Gozag
Hepliaklqana
Kikubaaqudgha
Makhleb
Nemelex Xobeh
Okawaru
Qazlal
Ru
Sif Muna
Trog
Uskayaw
Vehumet
Wu Jian
Xom
Yredelemnul
Zin
The Shining One

Shops:
D:6 =   D:7 !

Annotations:
D:3 1 transporter
Lair:2 Harold


Innate Abilities, Weirdness & Mutations

You cannot be hasted, slowed, berserked, paralysed or teleported.
You can dig through walls and to a lower floor.
Your four strong arms can wield two-handed weapons with a shield.
You have a pair of large antennae on your head. (SInv)


Message History

* * * LOW HITPOINT WARNING * * *
You struggle against the net.
Harold hits you with a +0 long sword.
* * * LOW HITPOINT WARNING * * *
The four-headed hydra bites you.
* * * LOW HITPOINT WARNING * * *
The four-headed hydra bites you but does no damage. x3
You fade into invisibility!
Harold says, "I was hoping my final job would be more of a challenge, but money is money."
Harold hits you with a +0 long sword!
* * * LOW HITPOINT WARNING * * *
The four-headed hydra bites you but does no damage.
The four-headed hydra bites you.
* * * LOW HITPOINT WARNING * * *
The four-headed hydra bites you but does no damage.
The four-headed hydra barely misses you.
You are very lightly contaminated with residual magic.
You feel much better.
The four-headed hydra bites you but does no damage.
The four-headed hydra barely misses you.
The four-headed hydra bites you but does no damage.
The four-headed hydra bites you.
* * * LOW HITPOINT WARNING * * *
Harold hits you with a +0 long sword!
* * * LOW HITPOINT WARNING * * *
You shred the net and break free!
You block the four-headed hydra's attack.
The four-headed hydra bites you but does no damage.
The four-headed hydra bites you!
* * * LOW HITPOINT WARNING * * *
The four-headed hydra bites you but does no damage.
Harold throws a throwing net.
The throwing net hits you.
You become entangled in the net!
You see here a throwing net {!f}.
Unknown command.
You feel much better.
A wolf comes into view.
The four-headed hydra bites you but does no damage.
The four-headed hydra bites you!
* * * LOW HITPOINT WARNING * * *
The four-headed hydra barely misses you.
The four-headed hydra bites you but does no damage.
You struggle against the net.
Harold hits you but does no damage. The four-headed hydra bites you.
* * * LOW HITPOINT WARNING * * *
The four-headed hydra bites you but does no damage.
The four-headed hydra bites you.
* * * LOW HITPOINT WARNING * * *
The four-headed hydra barely misses you.
You struggle against the net.
Harold hits you with a +0 long sword!
You die...

###........................#
#......$....................
###...........................
##..#..........................
#...#..........................
#.................P......÷....
##........#...................
#P.......#...D................
##........#..#@@.............÷.
#............#.................
##........#.............P#P#...
#......##......h.......#######
##....................####....#
##...........P........####..>.##
#...........#........###......#.
##....................##^^^..##.
#...................##^.^..##..


You could see Harold, a four-headed hydra and a wolf.

Vanquished Creatures
  A black mamba (Lair:2)
  3 spiny frogs
  Psyche (D:8)
  4 komodo dragons
  Prince Ribbit (D:5)
  2 jumping spiders (Lair:2)
  A hippogriff (Lair:2)
  2 redbacks (Lair:2)
  A wyvern (Lair:2)
  3 hogs (D:8)
  7 yaks
  A human (D:8)
  A steam dragon (D:7)
  Eustachio (D:4)
  2 basilisks (Lair:2)
  Edmund (D:5)
  An orc warrior (D:8)
  A porcupine (Lair:2)
  An ice beast (D:6)
  A sky beast (D:6)
  A centaur (D:6)
  5 phantoms
  28 wolves (Lair:2)
  4 crocodiles
  Blork the orc (D:5)
  4 bullfrogs
  2 scorpions
  2 howler monkeys (D:6)
  3 crimson imps
  A bullfrog zombie (D:6)
  2 hounds
  A bullfrog skeleton (D:6)
  5 orc wizards
  A jelly (D:7)
  A centaur skeleton (D:8)
  5 worker ants
  A hound skeleton (D:4)
  A howler monkey zombie (D:5)
  4 gnolls (D:5)
  13 adders
  2 river rats (D:5)
  2 shadow imps
  An ooze (D:1)
  An adder zombie (D:8)
  An adder skeleton (D:6)
  9 leopard geckos
  29 orcs
  7 ball pythons
  8 giant cockroaches
  7 goblins
  13 hobgoblins
  11 jackals
  12 kobolds
  4 quokkas
  9 bats
  8 frilled lizards
  A quokka skeleton (D:6)
  9 rats
  6 plants (Sewer)
261 creatures vanquished.

Vanquished Creatures (others)
  Robin (D:2)
1 creature vanquished.

Grand Total: 262 creatures vanquished

Notes
Turn   | Place    | Note
-------+----------+-------------------------------------------
     0 | D:1      | Glalom the Formicid Fighter began the quest for the Orb.
     0 | D:1      | Reached XP level 1. HP: 18/18 MP: 1/1
    30 | D:1      | Reached XP level 2. HP: 18/24 MP: 2/2
   364 | D:1      | Reached skill level 3 in Axes
   482 | D:1      | Reached XP level 3. HP: 29/29 MP: 3/3
  1062 | D:2      | Reached XP level 4. HP: 36/36 MP: 4/4
  1216 | D:2      | Noticed Robin
  1227 | D:2      | Killed Robin
  1682 | D:2      | Reached XP level 5. HP: 42/42 MP: 5/5
  1920 | D:2      | Reached skill level 4 in Axes
  2894 | D:3      | Found a sparkling altar of Nemelex Xobeh.
  2894 | D:3      | Found a transporter.
  2894 | D:3      | Noticed an ogre
  3137 | D:4      | Found a hazy altar of Hepliaklqana.
  3150 | D:4      | Noticed a phantom
  3167 | D:4      | Killed a phantom
  3167 | D:4      | Reached XP level 6. HP: 49/49 MP: 6/6
  3368 | D:4      | Reached skill level 5 in Axes
  3369 | D:4      | Reached skill level 5 in Shields
  3525 | D:4      | Noticed Eustachio
  3549 | D:4      | Killed Eustachio
  3549 | D:4      | Reached XP level 7. HP: 23/55 MP: 7/7
  3877 | D:4      | Reached skill level 5 in Fighting
  4048 | D:5      | Entered Level 5 of the Dungeon
  4076 | D:5      | Reached skill level 6 in Axes
  4079 | D:5      | Reached XP level 8. HP: 44/62 MP: 8/8
  4194 | D:5      | Noticed Blork the orc
  4370 | D:5      | Found a glowing drain.
  4374 | Sewer    | Entered a sewer
  5183 | D:5      | Noticed Edmund
  5204 | D:5      | Killed Edmund
  5204 | D:5      | Reached skill level 7 in Axes
  5204 | D:5      | Reached skill level 5 in Armour
  5224 | D:5      | Noticed Prince Ribbit
  5266 | D:5      | Killed Prince Ribbit
  5266 | D:5      | Reached skill level 8 in Axes
  5363 | D:5      | Killed Blork the orc
  5587 | D:5      | Reached XP level 9. HP: 46/68 MP: 9/9
  5588 | D:5      | Reached skill level 9 in Axes
  6088 | D:6      | Reached skill level 10 in Axes
  6283 | D:6      | Found Tem Niq's Jewellery Shoppe.
  6595 | D:6      | Found a staircase to the Ecumenical Temple.
  6623 | Temple   | Entered the Ecumenical Temple
  6698 | Temple   | Became a worshipper of Warmaster Okawaru
  6883 | D:7      | Found a shattered altar of Ashenzari.
  6955 | D:7      | Found Pusar's Distillery.
  7062 | D:7      | Reached skill level 11 in Axes
  7428 | D:8      | Noticed Psyche
  7434 | D:8      | Killed Psyche
  7434 | D:8      | Reached * piety under Okawaru
  7434 | D:8      | Reached XP level 10. HP: 64/74 MP: 10/10
  7727 | D:8      | Found a staircase to the Lair.
  7902 | D:8      | Reached skill level 12 in Axes
  7909 | D:8      | Reached ** piety under Okawaru
  8103 | Lair:1   | Entered Level 1 of the Lair of Beasts
  8106 | Lair:1   | Noticed a spiny frog
  8115 | Lair:1   | Killed a spiny frog
  8125 | Lair:1   | Reached skill level 13 in Axes
  8397 | Lair:1   | Noticed a komodo dragon
  8407 | Lair:1   | Killed a komodo dragon
  8407 | Lair:1   | Reached *** piety under Okawaru
  8646 | Lair:1   | Got a warped long sword
  8708 | Lair:1   | Noticed a komodo dragon
  8724 | Lair:1   | Killed a komodo dragon
  8724 | Lair:1   | Reached skill level 1 in Invocations
  8724 | Lair:1   | Reached XP level 11. HP: 49/79 MP: 11/11
  9098 | Lair:2   | Reached skill level 1 in Dodging
  9132 | Lair:2   | Reached skill level 14 in Axes
  9760 | Lair:2   | Reached **** piety under Okawaru
  9798 | Lair:2   | Found a hole to the Spider Nest.
 10021 | Lair:2   | Received a gift from Okawaru
 10104 | Lair:2   | Reached ***** piety under Okawaru
 10121 | Lair:2   | Reached skill level 5 in Invocations
 10313 | Lair:2   | Reached skill level 1 in Throwing
 10676 | Lair:2   | Noticed a four-headed hydra
 10689 | Lair:2   | Noticed Harold
 10700 | Lair:2   | HP: 4/80 [four-headed hydra (3)]
 10706 | Lair:2   | Slain by Harold

Skill      XL: |  1  2  3  4  5  6  7  8  9 10 11 |
---------------+----------------------------------+-----
Axes           | 3 4 5 6 8 11 13 14 | 14.9
Shields        | 4 5 |  5.0
Fighting       | 4 5 |  5.5
Armour         | 4 5 |  5.1
Invocations    | 1 5 |  5.3
Dodging        | 4 |  4.3
Throwing       | 1 |  1.4

Action                   |  1- 3 |  4- 6 |  7- 9 | 10-12 || total
-------------------------+-------+-------+-------+-------++-------
Melee: War axe           |   100 |   145 |       |       ||   245
       Hand axe          |       |    39 |   387 |   273 ||   699
 Abil: Dig               |       |       |     4 |       ||     4
Evoke: Wand              |       |       |       |     3 ||     3
  Use: Scroll            |       |     2 |     9 |       ||    11
       Potion            |       |       |       |     4 ||     4
 Stab: Held in net/web   |       |       |       |     2 ||     2
  Eat: Chunk             |     1 |    16 |    20 |    10 ||    47
Armor: Scale mail        |    49 |    62 |       |       ||   111
       Plate armour      |       |    39 |   134 |   150 ||   323
Dodge: Dodged            |    22 |    69 |    57 |    85 ||   233
Block: Shield            |    66 |   117 |   128 |   128 ||   439
